TOP OF THE 1ST |
Louisville Bats batting - Pitching for Amarillo Archdukes : RHP José Abacil
|
Pitching: RHP José Abacil
|
|
Batting: RHB Shawn Marshall
|
0-0: Ball 1-0: Ball 2-0: Called Strike 2-1: Ball 3-1: Base on Balls
|
Batting: SHB Ryan Roberts
|
0-0: Called Strike 0-1: Called Strike 0-2: Foul Ball, location: 2F 0-2: Foul Ball, location: 2F 0-2: Ball 1-2: Ball 2-2: Foul Ball, location: 2F 2-2: DOUBLE (Line Drive, 7LM) Shawn Marshall to third
|
Batting: LHB Eduardo Gómez
|
0-0: Called Strike 0-1: Ball 1-1: Called Strike 1-2: Ball Passed Ball! Shawn Marshall scores Ryan Roberts to third 2-2: Foul Ball, location: 2F 2-2: Foul Ball, location: 2F 2-2: Strikes out swinging
|
Batting: SHB Dave Henley
|
0-0: Ball 1-0: Called Strike 1-1: Ball 2-1: Foul Ball, location: 2F 2-2: Ball 3-2: Strikes out swinging
|
Batting: RHB Zhong Shui
|
0-0: Called Strike 0-1: DOUBLE (Groundball, 5L) Ryan Roberts scores
|
Batting: RHB Juan García
|
0-0: Ball 1-0: Called Strike 1-1: Ball 2-1: Ground out 3-1 (Groundball, 34S)
|
Top of the 1st over - 2 runs, 2 hits, 0 errors, 1 left on base; Louisville 2 - Amarillo 0 |
BOTTOM OF THE 1ST |
Amarillo Archdukes batting - Pitching for Louisville Bats : LHP Ben Reyes
|
Pitching: LHP Ben Reyes
|
|
Batting: LHB John Frost
|
0-0: Foul Ball, location: 2F 0-1: Ball 1-1: Ball 2-1: Swinging Strike 2-2: Strikes out swinging
|
Batting: LHB Earl Wigfall
|
0-0: Swinging Strike 0-1: Foul Ball, location: 2F 0-2: Ball 1-2: Ball 2-2: Foul Ball, location: 2F 2-2: Foul Ball, location: 2F 2-2: Reached on error, E4 (Groundball, 4)
|
Batting: RHB Herb Bunch
|
0-0: Foul Ball, location: 2F 0-1: Ball 1-1: SINGLE (Line Drive, 78S) Earl Wigfall to third Runner from 3rd tries for Home, SAFE, no throw
|
Batting: RHB David Alonso
|
0-0: Called Strike 0-1: Ball 1-1: Ball Wild Pitch! Herb Bunch to second 2-1: Fly out, F9 (Flyball, 9LS)
|
Batting: RHB Rich Henley
|
0-0: Ball 1-0: Ball 2-0: Ball 3-0: Base on Balls
|
Batting: RHB Dave Anderson
|
0-0: Called Strike 0-1: Fielders Choice at 2nd, 6-4 (Groundball, 6)
|
Bottom of the 1st over - 1 run, 1 hit, 1 error, 2 left on base; Louisville 2 - Amarillo 1 |
TOP OF THE 2ND |
Louisville Bats batting - Pitching for Amarillo Archdukes : RHP José Abacil
|
Batting: LHB John Horton
|
0-0: Swinging Strike 0-1: Foul Ball, location: 2F 0-2: Ball 1-2: Foul Ball, location: 2F 1-2: Strikes out swinging
|
Batting: LHB Héctor Rentería
|
0-0: Called Strike 0-1: SOLO HOME RUN (Flyball, 9LD), Distance : 322 ft
|
Batting: SHB Martín Medina
|
0-0: Called Strike 0-1: Fly out, F5 (Popup, 25F)
|
Batting: RHB Shawn Marshall
|
0-0: SINGLE (Flyball, 78M)
|
Batting: SHB Ryan Roberts
|
0-0: Called Strike 0-1: Swinging Strike 0-2: Ball 1-2: Ball 2-2: Foul Ball, location: 2F 2-2: Foul Ball, location: 2F 2-2: Foul Ball, location: 2F 2-2: Foul Ball, location: 2F 2-2: Foul Ball, location: 2F 2-2: Ground out U3 (Groundball, 34)
|
Top of the 2nd over - 1 run, 2 hits, 0 errors, 1 left on base; Louisville 3 - Amarillo 1 |
BOTTOM OF THE 2ND |
Amarillo Archdukes batting - Pitching for Louisville Bats : LHP Ben Reyes
|
Batting: LHB José Martínez
|
0-0: Called Strike 0-1: Foul Ball, location: 2F 0-2: Ball 1-2: Ball 2-2: Foul Ball, location: 2F 2-2: Ball 3-2: Ground out U3 (Groundball, 3L)
|
Batting: RHB Jon Krohne
|
0-0: Ball 1-0: Ball 2-0: Ball 3-0: Called Strike 3-1: Fly out, F7 (Flyball, 78S)
|
Batting: SHB Jeff Chambers
|
0-0: Ball 1-0: Foul Ball, location: 2F 1-1: Swinging Strike 1-2: Strikes out swinging
|
Bottom of the 2nd over - 0 runs, 0 hits, 0 errors, 0 left on base; Louisville 3 - Amarillo 1 |
TOP OF THE 3RD |
Louisville Bats batting - Pitching for Amarillo Archdukes : RHP José Abacil
|
Batting: LHB Eduardo Gómez
|
0-0: Ball 1-0: Fly out, F8 (Flyball, 8RS)
|
Batting: SHB Dave Henley
|
0-0: Called Strike 0-1: Ground out 6-3 (Groundball, 6)
|
Batting: RHB Zhong Shui
|
0-0: Ball 1-0: Fly out, F8 (Flyball, 8LD)
|
Top of the 3rd over - 0 runs, 0 hits, 0 errors, 0 left on base; Louisville 3 - Amarillo 1 |
BOTTOM OF THE 3RD |
Amarillo Archdukes batting - Pitching for Louisville Bats : LHP Ben Reyes
|
Batting: LHB John Frost
|
0-0: Foul Ball, location: 2F 0-1: Called Strike 0-2: Ball 1-2: Fly out, F6 (Line Drive, 6)
|
Batting: LHB Earl Wigfall
|
0-0: Ball 1-0: Ball 2-0: Called Strike 2-1: DOUBLE (Flyball, 78XD)
|
Batting: RHB Herb Bunch
|
0-0: Called Strike 0-1: Ball 1-1: Ball 2-1: Ball 3-1: SINGLE (Groundball, 34D) Earl Wigfall to third Runner from 3rd tries for Home, SAFE, throw made home Herb Bunch to second
|
Batting: RHB David Alonso
|
0-0: Called Strike 0-1: Ball 1-1: Foul Ball, location: 2F 1-2: Ball 2-2: Ball 3-2: Strikes out swinging
|
Batting: RHB Rich Henley
|
0-0: Ball 1-0: Ball 2-0: Called Strike 2-1: Foul Ball, location: 2F 2-2: Strikes out swinging
|
Bottom of the 3rd over - 1 run, 2 hits, 0 errors, 1 left on base; Louisville 3 - Amarillo 2 |
TOP OF THE 4TH |
Louisville Bats batting - Pitching for Amarillo Archdukes : RHP José Abacil
|
Batting: RHB Juan García
|
0-0: Foul Ball, location: 2F 0-1: Ground out 6-3 (Groundball, 6)
|
Batting: LHB John Horton
|
0-0: Ball 1-0: Called Strike 1-1: Ball 2-1: Swinging Strike 2-2: Foul Ball, location: 2F 2-2: Strikes out swinging
|
Batting: LHB Héctor Rentería
|
0-0: Ball 1-0: Foul Ball, location: 2F 1-1: Called Strike 1-2: Foul Ball, location: 2F 1-2: SOLO HOME RUN (Flyball, 9LD), Distance : 309 ft
|
Batting: SHB Martín Medina
|
0-0: Ball 1-0: Called Strike 1-1: Foul Ball, location: 2F 1-2: Foul Ball, location: 2F 1-2: SINGLE (Line Drive, 34)
|
Batting: RHB Shawn Marshall
|
0-0: Called Strike 0-1: Ball 1-1: Foul Ball, location: 2F 1-2: Ball 2-2: Strikes out swinging
|
Top of the 4th over - 1 run, 2 hits, 0 errors, 1 left on base; Louisville 4 - Amarillo 2 |
BOTTOM OF THE 4TH |
Amarillo Archdukes batting - Pitching for Louisville Bats : LHP Ben Reyes
|
Batting: RHB Dave Anderson
|
0-0: Called Strike 0-1: Ball 1-1: Swinging Strike 1-2: Strikes out looking
|
Batting: LHB José Martínez
|
0-0: Foul Ball, location: 2F 0-1: Hit by Pitch
|
Batting: RHB Jon Krohne
|
0-0: Ball 1-0: Foul Ball, location: 2F 1-1: Ball 2-1: SINGLE (Groundball, 56S) (infield hit) José Martínez to second
|
Batting: SHB Jeff Chambers
|
0-0: Called Strike 0-1: Swinging Strike 0-2: Grounds into double play, 6-4-3 (Groundball, 6)
|
Bottom of the 4th over - 0 runs, 1 hit, 0 errors, 1 left on base; Louisville 4 - Amarillo 2 |
TOP OF THE 5TH |
Louisville Bats batting - Pitching for Amarillo Archdukes : RHP José Abacil
|
Batting: SHB Ryan Roberts
|
0-0: SINGLE (Flyball, 89S)
|
Batting: LHB Eduardo Gómez
|
0-0: SINGLE (Groundball, 34S) (infield hit) Ryan Roberts to second
|
Batting: SHB Dave Henley
|
0-0: Ball 1-0: Called Strike 1-1: Ball 2-1: SINGLE (Groundball, 25) (infield hit) Ryan Roberts to third Eduardo Gómez to second
|
Batting: RHB Zhong Shui
|
0-0: Called Strike 0-1: Foul Ball, location: 2F 0-2: Ball 1-2: GRAND SLAM HOME RUN (Flyball, 78XD), Distance : 371 ft
|
Pitching: RHP Wilson Molina
|
|
Batting: RHB Juan García
|
0-0: Called Strike 0-1: Swinging Strike 0-2: Strikes out swinging
|
Batting: LHB John Horton
|
0-0: Ball 1-0: Called Strike 1-1: Ball 2-1: Ball 3-1: Foul Ball, location: 2F 3-2: Foul Ball, location: 2F 3-2: Base on Balls
|
Batting: LHB Héctor Rentería
|
0-0: Ball 1-0: Swinging Strike 1-1: Fielders Choice at 2nd, 4-6 (Groundball, 4)
|
Batting: SHB Martín Medina
|
0-0: Ball 1-0: Ball 2-0: Fly out, F1 (Popup, P)
|
Top of the 5th over - 4 runs, 4 hits, 0 errors, 1 left on base; Louisville 8 - Amarillo 2 |
BOTTOM OF THE 5TH |
Amarillo Archdukes batting - Pitching for Louisville Bats : LHP Ben Reyes
|
Now at C: Mark Arnold
|
|
Batting: LHB John Frost
|
0-0: Ball 1-0: SINGLE (Flyball, 7S)
|
Batting: LHB Earl Wigfall
|
0-0: Fly out, F9 (Flyball, 9LMF)
|
Batting: RHB Herb Bunch
|
0-0: Ball 1-0: Ball 2-0: Called Strike 2-1: Ball 3-1: Base on Balls John Frost to second
|
Batting: RHB David Alonso
|
0-0: Ball 1-0: Called Strike 1-1: Ball 2-1: Ball 3-1: Grounds into double play, 6-4-3 (Groundball, 6)
|
Bottom of the 5th over - 0 runs, 1 hit, 0 errors, 1 left on base; Louisville 8 - Amarillo 2 |
TOP OF THE 6TH |
Louisville Bats batting - Pitching for Amarillo Archdukes : RHP Wilson Molina
|
Batting: RHB Shawn Marshall
|
0-0: SINGLE (Line Drive, 56D)
|
Batting: SHB Ryan Roberts
|
0-0: Called Strike Shawn Marshall steals 2nd base 0-1: Ball 1-1: Ball 2-1: 2-RUN HOME RUN (Flyball, 89XD), Distance : 381 ft
|
Batting: LHB Eduardo Gómez
|
0-0: Called Strike 0-1: Ball 1-1: SINGLE (Line Drive, 8LS)
|
Batting: SHB Dave Henley
|
0-0: Ball 1-0: Fielders Choice at 2nd, 6-4 (Groundball, 6)
|
Batting: RHB Zhong Shui
|
0-0: Called Strike 0-1: Foul Ball, location: 2F 0-2: Ball Dave Henley steals 2nd base 1-2: Ball 2-2: Fly out, F7 (Flyball, 7)
|
Batting: RHB Juan García
|
0-0: Ball 1-0: Called Strike 1-1: Foul Ball, location: 2F 1-2: Ball 2-2: 2-RUN HOME RUN (Flyball, 7LD), Distance : 330 ft
|
Batting: RHB Mark Arnold
|
0-0: Ball 1-0: Swinging Strike 1-1: Called Strike 1-2: Ball 2-2: Foul Ball, location: 2F 2-2: Strikes out swinging
|
Top of the 6th over - 4 runs, 4 hits, 0 errors, 0 left on base; Louisville 12 - Amarillo 2 |
BOTTOM OF THE 6TH |
Amarillo Archdukes batting - Pitching for Louisville Bats : LHP Ben Reyes
|
Batting: RHB Rich Henley
|
0-0: Ball 1-0: Ball 2-0: Ball 3-0: Called Strike 3-1: Foul Ball, location: 2F 3-2: SINGLE (Groundball, 56S) (infield hit)
|
Batting: RHB Dave Anderson
|
0-0: Called Strike 0-1: Ball 1-1: Ball 2-1: DOUBLE (Flyball, 89XD) Rich Henley to third
|
Batting: LHB José Martínez
|
0-0: Ball 1-0: Foul Ball, location: 2F 1-1: Foul Ball, location: 2F 1-2: Foul Ball, location: 2F 1-2: Ball 2-2: Foul Ball, location: 2F 2-2: SINGLE (Groundball, 56D) Rich Henley scores Dave Anderson to third Throwing error, E7 Dave Anderson scores José Martínez to second
|
Pitching: LHP Dave Carbone
|
|
Batting: RHB Jon Krohne
|
0-0: Called Strike 0-1: Ball 1-1: Ball 2-1: SINGLE (Groundball, 6MD) José Martínez to third Runner from 3rd tries for Home, SAFE, no throw
|
Batting: SHB Jeff Chambers
|
0-0: Called Strike 0-1: Ball 1-1: Foul Ball, location: 2F 1-2: Ball 2-2: Ball 3-2: SINGLE (Groundball, 56) (infield hit) Jon Krohne to second
|
Batting: LHB John Frost
|
0-0: Called Strike 0-1: Ball 1-1: Foul Ball, location: 2F 1-2: SINGLE (Groundball, 3) (infield hit) Jon Krohne to third Jeff Chambers to second
|
Batting: LHB Earl Wigfall
|
0-0: Ball 1-0: Ball 2-0: Ball 3-0: Called Strike 3-1: Base on Balls Jon Krohne scores Jeff Chambers to third John Frost to second
|
Batting: RHB Herb Bunch
|
0-0: Ball 1-0: Ball 2-0: Ball 3-0: Base on Balls Jeff Chambers scores John Frost to third Earl Wigfall to second
|
Batting: RHB David Alonso
|
0-0: Ball 1-0: Foul Ball, location: 2F 1-1: Called Strike 1-2: Ball 2-2: Ball 3-2: Fly out, F8 (Flyball, 8LM) Runner from 3rd tags up, SCORES, throw made
|
Pitching: LHP Carlos Menéndez
|
|
Batting: RHB Rich Henley
|
0-0: Ball 1-0: Fly out, F7 (Flyball, 7S)
|
Batting: RHB Dave Anderson
|
0-0: Ball 1-0: Called Strike 1-1: Swinging Strike 1-2: Ball 2-2: Ball 3-2: Strikes out looking
|
Bottom of the 6th over - 6 runs, 6 hits, 1 error, 2 left on base; Louisville 12 - Amarillo 8 |
TOP OF THE 7TH |
Louisville Bats batting - Pitching for Amarillo Archdukes : RHP Wilson Molina
|
Pitching: RHP Domingo León
|
|
Batting: LHB Héctor Rentería
|
0-0: Ball 1-0: Ball 2-0: Ball 3-0: Base on Balls
|
Batting: SHB Martín Medina
|
0-0: Fly out, F8 (Flyball, 8RS)
|
Batting: RHB Shawn Marshall
|
0-0: Called Strike 0-1: Ball Héctor Rentería steals 2nd base 1-1: Ball 2-1: Foul Ball, location: 2F 2-2: Ball 3-2: Base on Balls
|
Batting: SHB Ryan Roberts
|
0-0: Swinging Strike 0-1: Fly out, F6 (Flyball, 6MD)
|
Pitching: LHP Christiano Gomes
|
|
Batting: LHB Eduardo Gómez
|
0-0: Called Strike 0-1: Called Strike 0-2: Foul Ball, location: 2F 0-2: Ball 1-2: Ball 2-2: Foul Ball, location: 2F 2-2: Foul Ball, location: 2F 2-2: Strikes out swinging
|
Top of the 7th over - 0 runs, 0 hits, 0 errors, 2 left on base; Louisville 12 - Amarillo 8 |
BOTTOM OF THE 7TH |
Amarillo Archdukes batting - Pitching for Louisville Bats : LHP Carlos Menéndez
|
Batting: LHB José Martínez
|
0-0: Called Strike 0-1: Foul Ball, location: 2F 0-2: Strikes out swinging
|
Batting: RHB Jon Krohne
|
0-0: Ball 1-0: Ball 2-0: Ball 3-0: Called Strike 3-1: Foul Ball, location: 2F 3-2: Base on Balls
|
Batting: SHB Jeff Chambers
|
0-0: Ball 1-0: Swinging Strike 1-1: SINGLE (Groundball, 56S) (infield hit) Jon Krohne to second
|
Batting: LHB John Frost
|
0-0: Called Strike 0-1: Ball 1-1: Foul Ball, location: 2F 1-2: Strikes out looking
|
Batting: LHB Earl Wigfall
|
0-0: Ball 1-0: Swinging Strike 1-1: Ball 2-1: Swinging Strike 2-2: Foul Ball, location: 2F 2-2: Strikes out swinging
|
Bottom of the 7th over - 0 runs, 1 hit, 0 errors, 2 left on base; Louisville 12 - Amarillo 8 |
TOP OF THE 8TH |
Louisville Bats batting - Pitching for Amarillo Archdukes : LHP Christiano Gomes
|
Pitching: RHP Ignacio Beltrán
|
|
Batting: SHB Dave Henley
|
0-0: Ball 1-0: Called Strike 1-1: Ball 2-1: Ground out 5-3 (Groundball, 56)
|
Batting: RHB Zhong Shui
|
0-0: Ball 1-0: Foul Ball, location: 2F 1-1: Ground out U3 (Groundball, 3)
|
Batting: RHB Juan García
|
0-0: Ball 1-0: Called Strike 1-1: SOLO HOME RUN (Flyball, 7LD), Distance : 334 ft
|
Batting: RHB Mark Arnold
|
0-0: Ball 1-0: Foul Ball, location: 2F 1-1: Swinging Strike 1-2: Ball 2-2: Ball 3-2: Strikes out swinging
|
Top of the 8th over - 1 run, 1 hit, 0 errors, 0 left on base; Louisville 13 - Amarillo 8 |
BOTTOM OF THE 8TH |
Amarillo Archdukes batting - Pitching for Louisville Bats : LHP Carlos Menéndez
|
Now at 3B: Don Soper
|
|
Batting: RHB Herb Bunch
|
0-0: Ball 1-0: Foul Ball, location: 2F 1-1: Ball 2-1: Foul Ball, location: 2F 2-2: Strikes out swinging
|
Batting: RHB David Alonso
|
0-0: Called Strike 0-1: Ball 1-1: Ball 2-1: Foul Ball, location: 2F 2-2: Ball 3-2: Foul Ball, location: 2F 3-2: Base on Balls
|
Batting: RHB Rich Henley
|
0-0: Ball 1-0: Foul Ball, location: 2F 1-1: Swinging Strike 1-2: Strikes out looking
|
Batting: RHB Dave Anderson
|
0-0: Ground out 6-3 (Groundball, 56)
|
Bottom of the 8th over - 0 runs, 0 hits, 0 errors, 1 left on base; Louisville 13 - Amarillo 8 |
TOP OF THE 9TH |
Louisville Bats batting - Pitching for Amarillo Archdukes : RHP Ignacio Beltrán
|
Pitching: RHP Tsugahara Suzuki
|
|
Batting: LHB Héctor Rentería
|
0-0: Swinging Strike
|
|
|
|
0-1: Ball 1-1: Swinging Strike 1-2: Foul Ball, location: 2F 1-2: Ball 2-2: Ball 3-2: Foul Ball, location: 2F 3-2: Base on Balls
|
Batting: SHB Martín Medina
|
0-0: Ball 1-0: Fielders Choice at 2nd, 3-6 (Groundball, 3)
|
Batting: RHB Shawn Marshall
|
0-0: Swinging Strike 0-1: Ball 1-1: Ball 2-1: Ball 3-1: SINGLE (Groundball, 56D) Martín Medina to second
|
Batting: SHB Ryan Roberts
|
0-0: Swinging Strike 0-1: Ball Martín Medina steals 3rd base 1-1: Foul Ball, location: 2F 1-2: DOUBLE (Line Drive, 78XD) Martín Medina scores Shawn Marshall to third Runner from 3rd tries for Home, SAFE, no throw
|
Batting: LHB Eduardo Gómez
|
0-0: Called Strike 0-1: Ball 1-1: Swinging Strike 1-2: Ball 2-2: Strikes out swinging
|
Batting: SHB Dave Henley
|
0-0: DOUBLE (Line Drive, 78M) Ryan Roberts scores
|
Batting: LHB Don Soper
|
0-0: Ball 1-0: SINGLE (Groundball, 34D) Dave Henley to third Runner from 3rd tries for Home, SAFE, no throw
|
Batting: RHB Juan García
|
0-0: Called Strike 0-1: Ball 1-1: Called Strike 1-2: Foul Ball, location: 2F 1-2: Foul Ball, location: 2F 1-2: Foul Ball, location: 2F 1-2: Ball 2-2: Ball 3-2: Base on Balls Don Soper to second
|
Batting: RHB Mark Arnold
|
0-0: Fielders Choice at 2nd, 6-4 (Groundball, 6D)
|
Top of the 9th over - 4 runs, 4 hits, 0 errors, 2 left on base; Louisville 17 - Amarillo 8 |
BOTTOM OF THE 9TH |
Amarillo Archdukes batting - Pitching for Louisville Bats : LHP Carlos Menéndez
|
Pitching: RHP Derrick Hall
|
|
Now in LF: Jesús Núñez
|
|
Batting: LHB José Martínez
|
0-0: Foul Ball, location: 2F 0-1: Foul Ball, location: 2F 0-2: SINGLE (Groundball, 23) (infield hit)
|
Batting: RHB Jon Krohne
|
0-0: Ball 1-0: Ball 2-0: Ball 3-0: Base on Balls José Martínez to second
|
Batting: SHB Jeff Chambers
|
0-0: Ball 1-0: Ball 2-0: Ball 3-0: Base on Balls José Martínez to third Jon Krohne to second
|
Batting: LHB John Frost
|
0-0: Ball 1-0: Swinging Strike 1-1: Swinging Strike 1-2: Ball 2-2: Fielders Choice at 2nd, 4-6 (Groundball, 4) José Martínez scores Jon Krohne to third
|
Batting: LHB Earl Wigfall
|
0-0: Foul Ball, location: 2F 0-1: Foul Ball, location: 2F 0-2: Ball 1-2: Ball 2-2: Foul Ball, location: 2F 2-2: Ball 3-2: Foul Ball, location: 2F 3-2: Base on Balls John Frost to second
|
Batting: RHB Herb Bunch
|
0-0: Ball 1-0: Called Strike 1-1: Ball 2-1: Swinging Strike 2-2: Strikes out swinging
|
Batting: RHB David Alonso
|
0-0: Ball 1-0: Foul Ball, location: 2F 1-1: Called Strike 1-2: Ball 2-2: Ball 3-2: Foul Ball, location: 2F 3-2: Ground out 5-3 (Groundball, 56)
|
Bottom of the 9th over - 1 run, 1 hit, 0 errors, 3 left on base; Louisville 17 - Amarillo 9 |
|
Saturday, April 7th, 2018 - OOTP Baseball 18.8 Build 76
|
|